 Dungeon Sprint DCSS version 0.31-a0-66-ge618eeaa78 (webtiles) character file.

Game seed: 3176234965005683058

16 fozzywoppz the Sneak (level 2, -1/13 HPs)
             Began as a Spriggan Enchanter on May 22, 2023.
             Slain by a human (7 damage)
             ... in the Dungeon (Sprint III: "The Ten Rune Challenge").
             The game lasted 00:01:07 (136 turns).

fozzywoppz the Sneak (Spriggan Enchanter)            Turns: 136, Time: 00:01:08

Health: -1/13      AC:  2    Str:  4    XL:     2   Next: 41%
Magic:  3/8        EV: 18    Int: 16    God:
Gold:   9          SH:  0    Dex: 15    Spells: 7/9 levels left

rFire   . . .        a - +1 dagger
rCold   . . .        (no shield)
rNeg    . . .        b - +0 robe
rPois   .            (helmet restricted)
rElec   .            (no cloak)
rCorr   .            (gloves unavailable)
SInv    +            (boots unavailable)
Will    .....        (no amulet)
Stlth   +++          (no ring)
HPRegen 0.22/turn    (no ring)
MPRegen 0.11/turn

%: no teleportation
@: very quick
A: very small, no large weapons, unfitting armour, see invisible, speed 3
a: no special abilities


You were in the Dungeon.
You visited 1 branch You collected 9 gold pieces.

Inventory:

Hand Weapons
 a - a +1 dagger (weapon)
Armour
 b - a +0 robe (worn)
Scrolls
 i - a scroll of blinking
Potions
 c - 2 potions of invisibility
 d - 2 potions of curing
 e - a potion of heal wounds
 f - a potion of haste
 g - 2 potions of magic


   Skills:
 - Level 1.1 Short Blades
 + Level 4.2 Dodging
 + Level 5.9 Stealth
 - Level 4.0 Spellcasting
 + Level 4.7 Hexes


You had 7 spell levels left.
You knew the following spells:

 Your Spells              Type           Power      Damage    Failure   Level
a - Ensorcelled Hibernat  Hex/Ice        18%        N/A       12%         2

Your spell library contained the following spells:

 Spells                   Type           Power      Damage    Failure   Level
 Confusing Touch          Hex            18%        N/A       7%          3
 Tukima's Dance           Hex            18%        N/A       7%          3
 Dazzling Flash           Conj/Hex       18%        N/A       24%         3


Dungeon Overview and Level Annotations

Branches:
Dungeon (1/1)

Altars:


Innate Abilities, Weirdness & Mutations

You are very small and have problems with some larger weapons.
You are too small for most types of armour.
You have supernaturally acute eyesight. (SInv)
You cover ground extremely quickly. (Speed+++)


Message History

Aim: a human (chance to affect: 43%)
The human looks drowsy...
The helpless human fails to defend itself.
You impale the human!!
The human is severely wounded.
The human completely misses you.
You hit the human.
The human is almost dead.
The human misses you.
You closely miss the human.
The human is almost dead.
Your magical contamination has completely faded away.
You hit the human.
The human is almost dead.
The human closely misses you.
You miss the human.
The human is almost dead.
The human misses you.
You miss the human.
The human is almost dead.
The human barely misses you.
You hit the human.
The human is almost dead.
The human hits you.
Casting: Ensorcelled Hibernation (safe; 12% risk of failure)
Confirm with . or Enter, or press ? or * to list all spells.
Aiming: Ensorcelled Hibernation (safe; 12% risk of failure)
Press: ? - help, Shift-Dir - straight line, f - you, p - human
Okay, then.
You barely miss the human.
The human is almost dead.
The human closely misses you.
You closely miss the human.
The human is almost dead.
The human closely misses you.
You barely miss the human.
The human is almost dead.
The human hits you!
Ouch! That really hurt!
You die...

▓<..#...#### #.#
▓...#......## ..#
▓..##.......# ..#
▓##.##.##.†.# ..#
##.##.###..# +#..#
▓#.####.##..# #...+
▓.###†.##..####...#
▓#.....##..###p...#
###..##...##@....#
##..##....#......#
#..###..##.#.....#
#..# #..#####....#
▓▓▓▓ ▓▓▓▓ ▓▓▓▓▓▓


You could see a human.

Vanquished Creatures
  A wolf (D)
  4 rats (D)
5 creatures vanquished.

Notes
Turn   | Place    | Note
-------+----------+-------------------------------------------
     0 | D        | fozzywoppz the Spriggan Enchanter began the quest for the
                  | Orb.
     0 | D        | Reached XP level 1. HP: 9/9 MP: 5/5
    63 | D        | Noticed a wolf
    75 | D        | Killed a wolf
    76 | D        | Reached skill level 5 in Stealth
    76 | D        | Reached XP level 2. HP: 13/13 MP: 6/8
    88 | D        | Learned a level 2 spell: Ensorcelled Hibernation
   136 | D        | Slain by a human

Illustrated notes

Levels and vault maps discovered:
D:        dungeon_sprint_mu [sprint_mu_entry_cave, sprint_mu_temple_rooms,
          sprint_mu_d1_horrors, sprint_mu_d2_genie, sprint_mu_d3_branching,
          sprint_mu_orc_legion, sprint_mu_elf_gauntlet, sprint_mu_hive_nellie,
          sprint_mu_lair_fedhas, sprint_mu_vaults_butterflies,
          sprint_mu_slime_circle, sprint_mu_shoals_kraken,
          sprint_mu_snake_twists, sprint_mu_blade_basic,
          sprint_mu_crypt_fortress, sprint_mu_tomb_spiral,
          sprint_mu_vestibule_basic, sprint_mu_gehenna_hellfire,
          sprint_mu_dis_giant, sprint_mu_tartarus_statrot,
          sprint_mu_cocytus_islands, sprint_mu_zot1]

Skill      XL: |  1 |
---------------+----+-----
Dodging        | 4 |  4.2
Spellcasting   | 4 |  4.0
Hexes          | 4 |  4.7
Stealth        | 5 |  5.9
Short Blades   | |  1.1

Action                     || total
---------------------------++-------
  Melee: Dagger            ||    17
   Cast: Ensorcelled Hiber ||     2
    Use: Potion            ||     1
   Stab: Sleeping          ||     4
  Dodge: Dodged            ||     9

Table legend: (Time is in decaauts)
 A = Elapsed time spent in this place.
 B = Non-inter-level travel time spent in this place.
 C = Inter-level travel time spent in this place.
 D = Time resting spent in this place.
 E = Time spent auto-exploring this place.
 F = Levels seen in this place.
 G = Mean time per level.
                   A        B        C        D        E       F      G
               +--------+--------+--------+--------+--------+-----+--------+
         Total |    112 |    112 |      0 |     37 |      0 |   1 |  112.0 |
       Dungeon |    112 |    112 |      0 |     37 |      0 |   1 |  112.0 |
               +--------+--------+--------+--------+--------+-----+--------+

Top non-repeatable levels by time:
       D: 112 daAuts
